 Dungeon Crawl Stone Soup version 0.25-a0-184-gcd15a05269 (webtiles) character file.

Game seed: 4701943953746486923, levelgen mode: deterministic

536 Gumption the Digger (level 7, 0/41 HPs)
             Began as a Gargoyle Earth Elementalist on Nov 27, 2019.
             Slain by an iguana (9 damage)
             ... on level 4 of the Dungeon.
             The game lasted 00:21:03 (4404 turns).

Gumption the Digger (Gargoyle Earth Elementalist)   Turns: 4404, Time: 00:21:03

Health: 0/41       AC:  7    Str: 11    XL:     7   Next: 25%
Magic:  6/12       EV: 11    Int: 18    God:
Gold:   147        SH:  0    Dex: 10    Spells: 7/13 levels left

rFire    . . .     SeeInvis .   u - +0 mace
rCold    . . .     Gourm    .   (no shield)
rNeg     + . .     Faith    .   g - +0 leather armour
rPois    ∞         Spirit   .   (no helmet)
rElec    +         Reflect  .   (no cloak)
rCorr    .         Harm     .   (no gloves)
MR       .....                  (no boots)
Stlth    ++........             (no amulet)
HPRegen  0.13/turn              (no ring)
MPRegen  0.13/turn              (no ring)

@: no status effects
A: negative energy resistance 1, electricity resistance, unbreathing,
petrification resistance, rot immunity, AC +4
a: no special abilities


You were on level 4 of the Dungeon.
You were not hungry.

You visited 1 branch of the dungeon, and saw 4 of its levels.

You collected 147 gold pieces.

Inventory:

Hand Weapons
 a - a +0 flail
 o - a +0 short sword
 t - a +0 hunting sling
 u - a +0 mace (weapon)
Missiles
 b - 15 stones (quivered)
 d - 14 boomerangs
 h - 37 sling bullets
Armour
 g - a +0 leather armour (worn)
 l - a cursed +0 ring mail
Jewellery
 k - a +6 ring of dexterity {unknown}
Wands
 q - a wand of polymorph (16)
Scrolls
 f - a scroll of blinking
 i - a scroll of enchant weapon {unknown}
 m - a scroll of teleportation {unknown}
 n - a scroll of remove curse {unknown}
 p - a scroll of amnesia {unknown}
 r - a scroll of noise {unknown}
Potions
 c - a potion of degeneration
 j - a potion of haste
 s - a potion of flight {unknown}
Comestibles
 e - 8 rations
 v - 2 chunks of flesh


   Skills:
 + Level 3.2 Fighting
 - Level 1.5 Dodging
 - Level 2.1 Stealth
 + Level 3.5 Spellcasting
 * Level 3.6 Conjurations
 - Level 0.7 Transmutations
 * Level 6.6 Earth Magic


You had 7 spell levels left.
You knew the following spells:

 Your Spells              Type           Power        Failure   Level  Hunger
a - Sandblast             Erth           ####..       1%          1    None
b - Passwall              Tmut/Erth      ###.....     7%          2    ##.....
c - Stone Arrow           Conj/Erth      ###...       8%          3    ###....

Your spell library contained the following spells:

 Spells                   Type           Power        Failure   Level  Hunger
 Lee's Rapid Deconstruct  Erth           ####......   36%         5    ######.
 Petrify                  Tmut/Erth      ###.....     41%         4    ####...


Dungeon Overview and Level Annotations

Branches:
Dungeon (4/15)
 Temple: D:4-7

Altars:
Ashenzari
Elyvilon
Gozag
Trog
Zin

Shops:
D:4 *


Innate Abilities, Weirdness & Mutations

You are resistant to torment.
Your stone body is resilient. (AC +4)
You are immune to poison.
You resist negative energy. (rN+)
You are resistant to electric shocks. (rElec)
You can survive without breathing.
You are immune to petrification.
You are immune to rotting.


Message History

You start resting.
A ball python comes into view.
The ball python moves out of view.
You butcher the worker ant corpse.
v - 3 chunks of flesh You see here a +0 giant spiked club.
Eat one of 3 chunks of flesh? (ye/n/q)
You eat one of the 3 chunks of flesh.
This raw flesh tastes terrible.
Okay, then.
You start resting.
The orc wizard is too close now for your liking.
An iguana comes into view.
An orc wizard comes into view. It is wielding a +0 dagger.
The orc wizard moves out of view.
The orc wizard shouts!
The orc wizard gestures at you while chanting.
The magic dart hits you.
* * * LOW HITPOINT WARNING * * *
The iguana bites you!
You die...

#........# #........#
oo.#.. #........###o###..
.##.. ##....#o#...# ####
.....##..#..###..# ..#
#..#.<.##...$.##
#.#####........o.....#
#.##......#..........# .
#....####.#@l..<.....# ..
###....................#
...#>)....................#
.....##........#..........#
....##.........#..........#
o..# #.##..≈≈≈≈≈≈≈........#
#.. #.#<..≈.....≈........#
#. ......≈.⌠.⌠.≈#########
#. ...##.#≈..∩..≈#


You could see an iguana and 2 orc wizards.

Vanquished Creatures
  A phantom (D:4)
  An ogre (D:4)
  2 orc wizards (D:3)
  Natasha (thrice) (D:2)
  A worker ant (D:4)
  4 gnolls (D:3)
  6 adders
  A howler monkey skeleton (D:2)
  2 oozes
  A worm (D:2)
  2 leopard geckos
  7 orcs (D:3)
  A ball python (D:3)
  13 bats
  6 giant cockroaches
  8 hobgoblins
  4 jackals (D:2)
  8 kobolds
  A quokka (D:2)
  6 frilled lizards
  7 goblins
  6 rats
91 creatures vanquished.

Notes
Turn   | Place    | Note
-------+----------+-------------------------------------------
     0 | D:1      | Gumption the Gargoyle Earth Elementalist began the quest
                  | for the Orb.
     0 | D:1      | Reached XP level 1. HP: 10/10 MP: 3/3
   186 | D:1      | Reached XP level 2. HP: 16/16 MP: 1/5
   240 | D:1      | Learned a level 2 spell: Passwall
   260 | D:1      | Reached skill level 4 in Earth Magic
   664 | D:1      | Reached skill level 1 in Fighting
   765 | D:1      | Reached XP level 3. HP: 20/20 MP: 4/6
  1370 | D:2      | Found a bloodstained altar of Trog.
  1857 | D:2      | Found a white marble altar of Elyvilon.
  1883 | D:2      | Reached XP level 4. HP: 26/26 MP: 5/7
  2199 | D:2      | Reached skill level 5 in Earth Magic
  2361 | D:2      | Learned a level 3 spell: Stone Arrow
  2478 | D:2      | Noticed Natasha
  2481 | D:2      | Killed Natasha
  2538 | D:2      | Reached skill level 1 in Conjurations
  2538 | D:2      | Reached XP level 5. HP: 30/30 MP: 7/9
  2560 | D:2      | Noticed Natasha
  2565 | D:2      | Killed Natasha
  2739 | D:2      | Noticed Natasha
  2750 | D:2      | Killed Natasha
  3234 | D:3      | Reached XP level 6. HP: 26/36 MP: 10/10
  3673 | D:3      | Found a glowing silver altar of Zin.
  3829 | D:3      | Reached skill level 6 in Earth Magic
  3853 | D:3      | Found a shattered altar of Ashenzari.
  4258 | D:4      | Noticed a phantom
  4271 | D:4      | Killed a phantom
  4328 | D:4      | Found Gozag's Platinum Reserve.
  4335 | D:4      | Found an opulent altar of Gozag.
  4360 | D:4      | Reached XP level 7. HP: 14/41 MP: 1/12
  4404 | D:4      | Slain by an iguana

Levels and vault maps discovered:
D:1:      tarquinn_simple_flora_water_e, layout_loops_corners,
          chequers_arboretum
D:2:      layout_basic, elyvilon_altar_4, first_ration,
          trog_three_pillars_becter, uniq_natasha
D:3:      layout_rooms, old_standard_altar, lemuel_coloured_pillars_altar,
          minmay_misc_feat_room
D:4:      layout_rooms, nicolae_gozag_zags_fifth_avenue,
          minmay_temple_entry_wispy, minmay_misc_feat_square,
          minmay_a_box_with_orc_wizards_in_it, uniq_menkaure, uniq_blork_the_orc

Skill      XL: |  1  2  3  4  5  6 |
---------------+-------------------+-----
Earth Magic    | 4 5 6 |  6.6
Fighting       | 1 2 3 |  3.2
Conjurations   | 1 2 3 |  3.6
Spellcasting   | 3 |  3.5
Dodging        | |  1.5
Stealth        | |  2.1
Transmutations | |  0.7

Action                   |  1- 3 |  4- 6 |  7- 9 || total
-------------------------+-------+-------+-------++-------
Melee: Unarmed           |     2 |       |       ||     2
       Short sword       |    56 |       |       ||    56
       Mace              |    20 |   177 |     6 ||   203
 Cast: Sandblast         |    28 |    47 |     2 ||    77
       Stone Arrow       |       |     3 |       ||     3
  Use: Scroll            |       |     3 |       ||     3
 Stab: Sleeping          |       |     2 |       ||     2
  Eat: Chunk             |     3 |     8 |     1 ||    12
Armor: Robe              |     2 |       |       ||     2
       Leather armour    |    37 |   116 |     3 ||   156
Dodge: Dodged            |    61 |   181 |     2 ||   244

Table legend:
 A = Non-vault XP
 B = Vault XP
 C = Vault XP percentage of total XP
 D = Non-vault monster count
 E = Vault monster count
 F = Vault count percentage of total count
                 A         B        C        D         E       F
            +---------+---------+-------+---------+---------+-------
      Total |     731 |      35 |   4.6 |      90 |       1 |   1.1
            +---------+---------+-------+---------+---------+-------
        D:1 |      47 |       0 |   0.0 |      31 |       0 |   0.0
        D:2 |     175 |      35 |  16.7 |      26 |       1 |   3.7
        D:3 |     213 |       0 |   0.0 |      29 |       0 |   0.0
        D:4 |     296 |       0 |   0.0 |       4 |       0 |   0.0
            +---------+---------+-------+---------+---------+-------
